 Dungeon Crawl Stone Soup version 0.29.1-1-gd02db6906a (webtiles) character file.

Game seed: 3309381941139494098

392 Gabide the Magician (level 6, -1/46 HPs)
             Began as a Mummy Arcane Marksman on Sept 16, 2022.
             Slain by Natasha (8 damage)
             ... in the Ecumenical Temple.
             The game lasted 00:14:57 (4301 turns).

Gabide the Magician (Mummy Arcane Marksman)         Turns: 4301, Time: 00:14:57

Health: -1/46      AC:  7    Str: 14    XL:     6   Next: 51%
Magic:  2/10       EV: 12    Int: 14    God:
Gold:   213        SH:  0    Dex: 12    Spells: 7/11 levels left

rFire   . . .      SeeInvis .   a - +1 sling
rCold   + . .      Faith    .   (no shield)
rNeg    + + +      Spirit   .   h - +2 robe {Will+}
rPois   ∞          Reflect  .   l - +2 helmet
rElec   .          Harm     .   (no cloak)
rCorr   .          Rampage  .   (no gloves)
Will    +....                   (no boots)
Stlth   +.........              (no amulet)
HPRegen 0.15/turn               d - ring of protection from fire
MPRegen 0.12/turn               (no ring)

@: portalling projectiles
A: cold resistance 1, negative energy resistance 3, torment resistance 2, heat
vulnerability 1, in touch with death 1, no potions
a: no special abilities


You were in the Ecumenical Temple.
You visited 2 branches of the dungeon, and saw 5 of its levels.

You collected 213 gold pieces.

Inventory:

Hand Weapons
 a - a +1 sling (weapon)
 b - a +2 dagger of draining
Missiles
 c - 3 curare-tipped darts
Armour
 h - a +2 robe of willpower (worn)
 l - a +2 helmet (worn)
Jewellery
 d - a ring of protection from fire (left hand)
Scrolls
 e - a scroll of amnesia
 f - 2 scrolls of teleportation
 g - a scroll of summoning
 i - a scroll of fog {unknown}
 k - a scroll of noise {unknown}


   Skills:
 + Level 2.9 Fighting
 + Level 2.6 Ranged Weapons
 + Level 2.6 Dodging
 + Level 3.1 Spellcasting
 - Level 3.0 Hexes
 - Level 3.0 Translocations


You had 7 spell levels left.
You knew the following spells:

 Your Spells              Type           Power      Damage    Failure   Level
a - Slow                  Hex            40%        N/A       6%          1
b - Portal Projectile     Hex/Tloc       20%        N/A       19%         3

Your spell library contained the following spells:

 Spells                   Type           Power      Damage    Failure   Level
 Apportation              Tloc           20%        N/A       6%          1
 Inner Flame              Hex/Fire       6%         N/A       34%         3
 Cause Fear               Hex            5%         N/A       52%         4
 Alistair's Intoxication  Tmut/Pois      1%         N/A       99%         5


Dungeon Overview and Level Annotations

Branches:
Dungeon (4/15)             Temple (1/1) D:4

Altars:
Cheibriados

Annotations:
Temple Natasha


Innate Abilities, Weirdness & Mutations

You are immune to poison.
Your flesh is cold resistant. (rC+)
You are immune to negative energy. (rN+++)
You are immune to unholy pain and torment.
You are vulnerable to heat. (rF-)
You are in touch with the powers of death.
You do not drink.


Message History

Aim: Natasha (chance to affect: 49%) Natasha seems to slow down.
Unknown command.
Throw: 4 darts (curare)
Press: ? - help, Shift-Dir - straight line, f/p - Natasha
Aim: Natasha (slow, 50% to hit)
You throw a curare-tipped dart. The curare-tipped dart hits Natasha.
Natasha is poisoned.
Natasha convulses.
Natasha seems to be slow for longer.
Natasha is heavily wounded.
Natasha claws you but does no damage.
Fire: a) +1 sling
Press: ? - help, Shift-Dir - straight line, f/p - Natasha
Aim: Natasha (severely wounded, very poisoned, slow, 50% to hit)
You shoot a sling bullet. The sling bullet hits Natasha.
Natasha is almost dead.
Natasha hisses.
Natasha drinks a potion.
Natasha is healed!
Natasha looks more healthy.
Fire: a) +1 sling
Press: ? - help, Shift-Dir - straight line, f/p - Natasha
Aim: Natasha (severely wounded, slow, 50% to hit)
You shoot a sling bullet. The sling bullet hits Natasha.
Natasha is almost dead.
Unknown command.
(D) Dungeon (T) Temple
Where to? (Enter - D:3 @ (x,y), ? - help)
Okay, then.
Fire: a) +1 sling
Press: ? - help, Shift-Dir - straight line, f/p - Natasha
Aim: Natasha (almost dead, slow, 50% to hit)
You shoot a sling bullet. The sling bullet barely misses Natasha.
Natasha casts a spell at you. The magic dart hits you!
* * * LOW HITPOINT WARNING * * *
You aren't carrying any items that you can evoke.
Casting: Slow (safe; 6% risk of failure)
Confirm with . or Enter, or press ? or * to list all spells.
You begin teleporting projectiles to their destination.
Natasha claws you!
You die...

.~~~...........
~~~......~~~~~~
~~.....~~~~~~~~
~~....~~~~~....
~~....~........
~~~........~~~~
..~~~.h.......~
.......@.......
~.........~~~..
~~~~........~~~
........~....~~
....~~~~~....~~
~~~~~~~~.....~~
~~~~~~......~~~
...........~~~.


You could see Natasha (slow).

Vanquished Creatures
  Sigmund (D:2)
  Jessica (D:2)
  An iguana (D:4)
  Terence (D:3)
  Robin (D:4)
  7 adders
  2 worms
  2 dart slugs
  An orc (D:3)
  6 ball pythons
  2 endoplasms (D:2)
  4 giant cockroaches
  19 goblins
  10 hobgoblins
  8 jackals (D:1)
  8 kobolds
  5 bats
  3 frilled lizards
  5 rats
87 creatures vanquished.

Notes
Turn   | Place    | Note
-------+----------+-------------------------------------------
     0 | D:1      | Gabide the Mummy Arcane Marksman began the quest for the
                  | Orb.
     0 | D:1      | Reached XP level 1. HP: 15/15 MP: 2/2
   217 | D:1      | Reached XP level 2. HP: 21/21 MP: 0/4
   533 | D:1      | Gained mutation: You are in touch with the powers of death.
                  | [Mummy growth]
   533 | D:1      | Reached XP level 3. HP: 26/26 MP: 2/6
  1128 | D:2      | Found a snail-covered altar of Cheibriados.
  1131 | D:2      | Noticed Jessica
  1145 | D:2      | Killed Jessica
  1146 | D:2      | Reached skill level 1 in Translocations
  1481 | D:2      | Reached XP level 4. HP: 33/33 MP: 7/7
  1610 | D:2      | Learned a level 3 spell: Portal Projectile
  1838 | D:2      | Noticed Sigmund
  1861 | D:2      | Killed Sigmund
  1862 | D:2      | Reached XP level 5. HP: 26/39 MP: 5/8
  2265 | D:3      | Reached XP level 6. HP: 41/46 MP: 3/9
  2353 | D:3      | Noticed Terence
  2789 | D:3      | Killed Terence
  3237 | D:3      | Found a faded altar of an unknown god.
  3852 | D:4      | Noticed Robin
  4175 | D:4      | Killed Robin
  4271 | D:4      | Found a staircase to the Ecumenical Temple.
  4275 | D:4      | Noticed Natasha
  4293 | Temple   | Entered the Ecumenical Temple
  4301 | Temple   | Slain by Natasha

Illustrated notes

Levels and vault maps discovered:
D:1:      dpeg_arrival_signposts, layout_rooms, minivault_11
D:2:      layout_loops_ring, basic_altar, minmay_domino_4, uniq_sigmund,
          uniq_jessica
D:3:      kennysheep_the_goblin_king, layout_basic,
          hellmonk_ecumenical_altar_heavens_door,
          chequers_serial_rivers_small_b, minmay_misc_feat_enclosed,
          minmay_misc_feat_iff, uniq_terence
D:4:      layout_loops_ring, minmay_temple_entry_sparse_star,
          kennysheep_small_square, uniq_natasha, uniq_robin
Temple:   hc_temple_tempest_star

Skill      XL: |  1  2  3  4  5  6 |
---------------+-------------------+-----
Spellcasting   | 2 3 |  3.1
Hexes          | 3 |  3.0
Dodging        | 2 |  2.6
Ranged Weapons | 2 |  2.6
Fighting       | 2 |  2.9
Translocations | 1 3 |  3.0

Action                   |  1- 3 |  4- 6 || total
-------------------------+-------+-------++-------
 Fire: Sling             |   103 |   301 ||   404
Throw: Dart              |       |     1 ||     1
 Cast: Slow              |    32 |    95 ||   127
       Portal Projectile |       |     2 ||     2
  Use: Scroll            |       |     6 ||     6
Armor: Robe              |    45 |    77 ||   122
Dodge: Dodged            |    85 |   155 ||   240
